 Dungeon Crawl Stone Soup version 0.29-a0-364-g921d912d32 (webtiles) character file.

Game seed: 15561845803681201176

208 bande the Covered (level 5, 0/33 HPs)
             Began as a Gargoyle Fighter on May 1, 2022.
             Slain by a gnoll
             ... wielding a +0 vorpal halberd
              (1 damage)
             ... on level 4 of the Dungeon.
             The game lasted 00:04:30 (3045 turns).

bande the Covered (Gargoyle Fighter)                Turns: 3045, Time: 00:04:31

Health: 0/33       AC: 15    Str: 16 (19) XL:     5   Next: 86%
Magic:  5/5        EV:  6    Int:  6 (9)  God:
Gold:   148        SH:  4    Dex: 10 (11) Spells: 4/4 levels left

rFire   . . .      SeeInvis .   a - +0 war axe
rCold   . . .      Faith    .   c - +0 buckler
rNeg    + . .      Spirit   .   e - +0 chain mail
rPois   ∞          Reflect  .   (no helmet)
rElec   +          Harm     .   (no cloak)
rCorr   .          Rampage  .   i - +1 pair of gloves
Will    .....                   (no boots)
Stlth   ..........              (no amulet)
HPRegen 0.11/turn               (no ring)
MPRegen 0.09/turn               (no ring)

@: flying
A: sickness immunity, AC +4, negative energy resistance 1, electricity
resistance, torment resistance 1, petrification resistance
a: no special abilities


You were on level 4 of the Dungeon.
You visited 1 branch of the dungeon, and saw 4 of its levels.

You collected 148 gold pieces.

Inventory:

Hand Weapons
 a - a +0 war axe (weapon)
 g - a +0 flail
Armour
 c - a +0 buckler (worn)
 e - a +0 chain mail (worn)
 i - a +1 pair of gloves (worn)
Scrolls
 b - a scroll of enchant armour
 f - 2 scrolls of amnesia
 n - a scroll of magic mapping
 o - a scroll of fog
 p - a scroll of identify
 q - a scroll of fear {unknown}
Potions
 d - 2 potions of might
 h - 3 potions of haste


   Skills:
 + Level 4.2 Fighting
 + Level 3.8 Axes
 + Level 4.2 Armour
 + Level 4.0 Shields


You had 4 spell levels left.
You didn't know any spells.
Your spell library was empty.

Dungeon Overview and Level Annotations

Branches:
Dungeon (4/15)
 Temple: D:4-7

Altars:


Innate Abilities, Weirdness & Mutations

You are immune to sickness and miasma.
Your stone body is resilient. (AC +4)
You are immune to poison.
You resist negative energy. (rN+)
You are resistant to electric shocks. (rElec)
You are resistant to unholy torment.
You are immune to petrification.


Message History

You slash the endoplasm!
You kill the endoplasm!
The gnoll barely misses you. You block the gnoll's attack.
The gnoll hits you from afar with a +0 spear.
The gnoll hits you with a +0 vorpal halberd.
* * * LOW HITPOINT WARNING * * *
Items here: )) ††.
You slash the gnoll!
The gnoll is heavily wounded.
The gnoll hits you but does no damage. You block the gnoll's attack.
The gnoll hits you from afar with a +0 spear.
* * * LOW HITPOINT WARNING * * *
You block the gnoll's attack.
You closely miss the gnoll.
The gnoll is heavily wounded.
The gnoll hits you but does no damage. x2
Unknown command.
It was a potion of degeneration.
There was something very wrong with that liquid.
You feel weakened.
You feel dopey.
You feel clumsy. The gnoll hits you but does no damage.
The gnoll hits you from afar with a +0 spear.
* * * LOW HITPOINT WARNING * * *
It was a potion of curing.
You feel better. The gnoll hits you but does no damage.
You block the gnoll's attack.
It was a potion of flight.
You feel very buoyant.
You fly up into the air.
The gnoll hits you from afar with a +0 spear.
* * * LOW HITPOINT WARNING * * *
The gnoll hits you with a +0 vorpal halberd!
* * * LOW HITPOINT WARNING * * *
x2 You closely miss the gnoll.
The gnoll is heavily wounded.
The gnoll hits you but does no damage. x2
You barely miss the gnoll.
The gnoll is heavily wounded.
The gnoll closely misses you.
The gnoll hits you with a +0 vorpal halberd.
You die...

#.# #+## #.# #8.8## #.#
#...(.# . #..#.#
##8.....8 #.#..#.#
##........ #.#..#.#
###8........
#....#.#####.'.@g$.$...
####..#.#.....#8........
..............##.g......
###............##8.....8
# #.#.....#####.##.....#
###.#..#### ..##8.8##
..#.#..########..# #'##
.................. .$
#.#.#...######## ..


You could see 2 gnolls.

Vanquished Creatures
  A hound (D:4)
  A jelly (D:2)
  Jessica (D:2)
  2 adders (D:3)
  5 gnolls
  A worm (D:3)
  A dart slug (D:3)
  3 orcs (D:3)
  4 ball pythons
  5 endoplasms
  A giant cockroach (D:2)
  4 goblins
  4 hobgoblins (D:1)
  6 kobolds
  5 quokkas
  4 bats
  2 frilled lizards
  2 rats (D:1)
52 creatures vanquished.

Notes
Turn   | Place    | Note
-------+----------+-------------------------------------------
     0 | D:1      | bande the Gargoyle Fighter began the quest for the Orb.
     0 | D:1      | Reached XP level 1. HP: 14/14 MP: 1/1
   158 | D:1      | Reached XP level 2. HP: 19/19 MP: 2/2
   943 | D:2      | Reached XP level 3. HP: 24/24 MP: 3/3
   987 | D:2      | Noticed Jessica
  1038 | D:2      | Killed Jessica
  1041 | D:2      | Reached XP level 4. HP: 17/29 MP: 4/4
  2194 | D:3      | Reached XP level 5. HP: 25/33 MP: 5/5
  2883 | D:3      | Found a faded altar of an unknown god.
  3041 | D:4      | HP: 1/33 [gnoll/+0 spear (1)]
  3045 | D:4      | Slain by a gnoll

Illustrated notes

Levels and vault maps discovered:
D:1:      sevenhm_arrival_forest_fort_small_4, layout_rooms
D:2:      layout_basic, kennysheep_generic_room_14, uniq_jessica
D:3:      layout_rooms, shapermc_ecumenical_altar_petra
D:4:      layout_basic, nicolae_specific_store, dk_noncrumbling_4,
          minmay_misc_feat_alley, minmay_ruined_shrine

Skill      XL: |  1  2  3  4  5 |
---------------+----------------+-----
Axes           | 2 3 |  3.8
Fighting       | 4 |  4.2
Armour         | 4 |  4.2
Shields        | 4 |  4.0

Action                   |  1- 3 |  4- 6 || total
-------------------------+-------+-------++-------
Melee: War axe           |    61 |    87 ||   148
  Use: Potion            |     1 |     3 ||     4
       Scroll            |       |     7 ||     7
Armor: Scale mail        |    24 |       ||    24
       Chain mail        |    20 |    72 ||    92
Dodge: Dodged            |    33 |    39 ||    72
Block: Buckler           |    17 |    24 ||    41

Table legend: (Time is in decaauts)
 A = Elapsed time spent in this place.
 B = Non-inter-level travel time spent in this place.
 C = Inter-level travel time spent in this place.
 D = Time resting spent in this place.
 E = Time spent auto-exploring this place.
 F = Levels seen in this place.
 G = Mean time per level.
                   A        B        C        D        E       F      G
               +--------+--------+--------+--------+--------+-----+--------+
         Total |   3110 |   3110 |      0 |    207 |   2272 |   4 |  777.5 |
       Dungeon |   3110 |   3110 |      0 |    207 |   2272 |   4 |  777.5 |
               +--------+--------+--------+--------+--------+-----+--------+

Top non-repeatable levels by time:
     D:2: 1251 daAuts
     D:1: 969 daAuts
     D:3: 767 daAuts
     D:4: 122 daAuts
